SA
MT. VERNON BULLS @ MANCELONA TORCH
06/06/2026
 
TOP OF THE 1ST
Mt. Vernon Bulls batting - Pitching for Mancelona Torch : RHP John Castle
Pitching: RHP John Castle
Batting: RHB António Pérez 0-0: Called Strike
0-1: Ball
1-1: Foul Ball, location: 2F
1-2: SINGLE (Flyball, 89S)
Batting: RHB Noël Sassetti 0-0: Ball
1-0: Ball
2-0: Grounds into double play, 6-4-3 (Groundball, 6)
Batting: RHB Abraham Phelps 0-0: Called Strike
0-1: Foul Ball, location: 2F
0-2: SINGLE (Line Drive, 9S)
Batting: LHB Lee Hart 0-0: Ball
1-0: Called Strike
1-1: Foul Ball, location: 2F
1-2: Fly out, F8 (Flyball, 78D)
Top of the 1st over - 0 run(s), 2 hit(s), 0 error(s), 1 left on base; Mt. Vernon 0 - Mancelona 0
BOTTOM OF THE 1ST
Mancelona Torch batting - Pitching for Mt. Vernon Bulls : LHP Javier López
Pitching: LHP Javier López
Batting: LHB José Hernández 0-0: Ball
1-0: Swinging Strike
1-1: Foul Ball, location: 2F
1-2: Foul Ball, location: 2F
1-2: Strikes out swinging
Batting: RHB Blake Snow 0-0: Ground out 5-3 (Groundball, 56S)
Batting: RHB Todd Sentell 0-0: Ball
1-0: Ground out 4-3 (Groundball, 4)
Bottom of the 1st over - 0 run(s), 0 hit(s), 0 error(s), 0 left on base; Mt. Vernon 0 - Mancelona 0
TOP OF THE 2ND
Mt. Vernon Bulls batting - Pitching for Mancelona Torch : RHP John Castle
Batting: RHB Ken Gardner 0-0: Ball
1-0: Ball
2-0: Ball
3-0: Called Strike
3-1: Swinging Strike
3-2: Base on Balls
Batting: SHB Marvin Fitton 0-0: Ball
1-0: Ball
Ken Gardner steals 2nd base
2-0: Ball
3-0: Called Strike
3-1: Base on Balls
Batting: RHB Freddy Torres 0-0: Ball
1-0: Swinging Strike
1-1: Called Strike
1-2: Strikes out looking
Batting: RHB António López 0-0: Swinging Strike
0-1: Ball
1-1: Ball
2-1: Grounds out, U3 (Groundball, 3L)
Ken Gardner to third
Batting: RHB Ryan Robbins 0-0: Fly out, F9 (Flyball, 9LS)
Top of the 2nd over - 0 run(s), 0 hit(s), 0 error(s), 2 left on base; Mt. Vernon 0 - Mancelona 0
BOTTOM OF THE 2ND
Mancelona Torch batting - Pitching for Mt. Vernon Bulls : LHP Javier López
Batting: LHB José Valéncia 0-0: Ball
1-0: SINGLE (Line Drive, 4) (infield hit)
Batting: RHB José Córdova 0-0: Ball
1-0: Foul Ball, location: 2F
1-1: DOUBLE (Line Drive, 7LD)
José Valéncia to third
Runner from 3rd tries for Home, SAFE, no throw
Batting: LHB Jorge Morín 0-0: Ball
José Córdova is caught stealing 3rd base
1-0: Ball
2-0: Ball
3-0: Called Strike
3-1: Fly out, F9 (Flyball, 89M)
Batting: RHB Kyle Vandenbrink 0-0: Ball
1-0: Foul Ball, location: 2F
1-1: Foul Ball, location: 2F
1-2: Ball
2-2: Ball
3-2: Foul Ball, location: 2F
3-2: Ground out 5-3 (Groundball, 56S)
Bottom of the 2nd over - 1 run(s), 2 hit(s), 0 error(s), 0 left on base; Mt. Vernon 0 - Mancelona 1
TOP OF THE 3RD
Mt. Vernon Bulls batting - Pitching for Mancelona Torch : RHP John Castle
Batting: RHB António Pérez 0-0: Ball
1-0: Called Strike
1-1: Called Strike
1-2: Strikes out swinging
Batting: RHB Noël Sassetti 0-0: Called Strike
0-1: Ball
1-1: Called Strike
1-2: Ball
2-2: Ground out 2-3 (Groundball, 2L)
Batting: RHB Abraham Phelps 0-0: Called Strike
0-1: Ball
1-1: Ball
2-1: Ball
3-1: Ground out 6-3 (Groundball, 6)
Top of the 3rd over - 0 run(s), 0 hit(s), 0 error(s), 0 left on base; Mt. Vernon 0 - Mancelona 1
BOTTOM OF THE 3RD
Mancelona Torch batting - Pitching for Mt. Vernon Bulls : LHP Javier López
Batting: RHB Bob Mager 0-0: Foul Ball, location: 2F
0-1: Ball
1-1: Ground out 5-3 (Groundball, 56)
Batting: LHB Yataro Matsuura 0-0: Ball
1-0: Ground out 4-3 (Groundball, 34)
Batting: LHB José Hernández 0-0: Swinging Strike
0-1: Ball
1-1: Ball
2-1: Ball
3-1: Base on Balls
Batting: RHB Blake Snow 0-0: Ball
1-0: Ball
2-0: Ball
3-0: Called Strike
3-1: Called Strike
3-2: Foul Ball, location: 2F
3-2: Strikes out swinging
Bottom of the 3rd over - 0 run(s), 0 hit(s), 0 error(s), 1 left on base; Mt. Vernon 0 - Mancelona 1
TOP OF THE 4TH
Mt. Vernon Bulls batting - Pitching for Mancelona Torch : RHP John Castle
Batting: LHB Lee Hart 0-0: Ball
1-0: Ball
2-0: Ball
3-0: Base on Balls
Batting: RHB Ken Gardner 0-0: Ball
1-0: Ball
2-0: Ball
3-0: Base on Balls
Lee Hart to second
Batting: SHB Marvin Fitton 0-0: Swinging Strike
0-1: Foul Ball, location: 2F
0-2: Ball
1-2: Foul Ball, location: 2F
1-2: Ball
2-2: Foul Ball, location: 2F
2-2: Ball
3-2: Foul Ball, location: 2F
3-2: Foul Ball, location: 2F
3-2: Foul Ball, location: 2F
3-2: Fly out, F5 (Popup, 56)
Batting: RHB Freddy Torres 0-0: Ball
1-0: Ball
2-0: Fly out, F7 (Line Drive, 78M)
Batting: RHB António López 0-0: Called Strike
0-1: Called Strike
0-2: Strikes out looking
Top of the 4th over - 0 run(s), 0 hit(s), 0 error(s), 2 left on base; Mt. Vernon 0 - Mancelona 1
BOTTOM OF THE 4TH
Mancelona Torch batting - Pitching for Mt. Vernon Bulls : LHP Javier López
Batting: RHB Todd Sentell 0-0: Called Strike
0-1: Ball
1-1: Called Strike
1-2: Strikes out looking
Batting: LHB José Valéncia 0-0: Called Strike
0-1: Ball
1-1: Ground out U3 (Groundball, 3)
Batting: RHB José Córdova 0-0: Called Strike
0-1: Ball
1-1: SINGLE (Line Drive, 78M)
Batting: LHB Jorge Morín 0-0: Swinging Strike
0-1: Fielders Choice at 2nd, 5-4 (Groundball, 56)
Bottom of the 4th over - 0 run(s), 1 hit(s), 0 error(s), 0 left on base; Mt. Vernon 0 - Mancelona 1
TOP OF THE 5TH
Mt. Vernon Bulls batting - Pitching for Mancelona Torch : RHP John Castle
Batting: RHB Ryan Robbins 0-0: Fly out, F8 (Flyball, 8RS)
Batting: RHB António Pérez 0-0: Swinging Strike
0-1: SINGLE (Line Drive, 6D)
Batting: RHB Noël Sassetti 0-0: Ball
1-0: Ball
António Pérez is caught stealing 2nd base
2-0: Called Strike
2-1: Foul Ball, location: 2F
2-2: Fly out, F9 (Flyball, 9LS)
Top of the 5th over - 0 run(s), 1 hit(s), 0 error(s), 0 left on base; Mt. Vernon 0 - Mancelona 1
BOTTOM OF THE 5TH
Mancelona Torch batting - Pitching for Mt. Vernon Bulls : LHP Javier López
Batting: RHB Kyle Vandenbrink 0-0: Ball
1-0: SINGLE (Groundball, 4MD)
Batting: RHB Bob Mager 0-0: Bunted foul
0-1: Ball
1-1: Sac Bunt - play at first, batter OUT! 1-4
Kyle Vandenbrink to second
Batting: LHB Yataro Matsuura 0-0: Ball
1-0: Swinging Strike
1-1: Ball
2-1: Fly out, F3 (Popup, 3S)
Batting: LHB José Hernández 0-0: Intentional Walk
Batting: RHB Blake Snow 0-0: Ball
1-0: Foul Ball, location: 2F
1-1: Foul Ball, location: 2F
1-2: Fielders Choice at 2nd, 5-4 (Groundball, 5)
Bottom of the 5th over - 0 run(s), 1 hit(s), 0 error(s), 1 left on base; Mt. Vernon 0 - Mancelona 1
TOP OF THE 6TH
Mt. Vernon Bulls batting - Pitching for Mancelona Torch : RHP John Castle
Batting: RHB Abraham Phelps 0-0: SOLO HOME RUN (Flyball, 7D), Distance : 396 ft
Batting: LHB Lee Hart 0-0: Foul Ball, location: 2F
0-1: Ball
1-1: Swinging Strike
1-2: Ball
2-2: Strikes out swinging
Batting: RHB Ken Gardner 0-0: Ball
1-0: Ball
2-0: Ground out 5-3 (Groundball, 56)
Batting: SHB Marvin Fitton 0-0: Called Strike
0-1: Ball
1-1: Ground out U3 (Groundball, 34S)
Top of the 6th over - 1 run(s), 1 hit(s), 0 error(s), 0 left on base; Mt. Vernon 1 - Mancelona 1
BOTTOM OF THE 6TH
Mancelona Torch batting - Pitching for Mt. Vernon Bulls : LHP Javier López
Batting: RHB Todd Sentell 0-0: Called Strike
0-1: Ball
1-1: Foul Ball, location: 2F
1-2: Ground out 5-3 (Groundball, 56S)
Batting: LHB José Valéncia 0-0: Swinging Strike
0-1: Ball
1-1: Ball
2-1: Ball
3-1: Swinging Strike
3-2: Strikes out swinging
Batting: RHB José Córdova 0-0: Called Strike
0-1: Ball
1-1: Swinging Strike
1-2: Foul Ball, location: 2F
1-2: Ball
2-2: Strikes out swinging
Bottom of the 6th over - 0 run(s), 0 hit(s), 0 error(s), 0 left on base; Mt. Vernon 1 - Mancelona 1
TOP OF THE 7TH
Mt. Vernon Bulls batting - Pitching for Mancelona Torch : RHP John Castle
Pinch Hitting: RHB Jim Unknown 0-0: Fly out, F8 (Flyball, 8RM)
Batting: RHB António López 0-0: Ball
1-0: Ball
2-0: Called Strike
2-1: Swinging Strike
2-2: Foul Ball, location: 2F
2-2: Strikes out swinging
Pinch Hitting: RHB Alba Hidalgo de Jesus 0-0: Called Strike
0-1: Ball
1-1: Ball
2-1: Swinging Strike
2-2: Ground out 4-3 (Groundball, 4)
Top of the 7th over - 0 run(s), 0 hit(s), 0 error(s), 0 left on base; Mt. Vernon 1 - Mancelona 1
BOTTOM OF THE 7TH
Mancelona Torch batting - Pitching for Mt. Vernon Bulls : LHP Javier López
Now in LF: Jim Unknown
Now in CF: Alba Hidalgo de Jesus
Batting: LHB Jorge Morín 0-0: Ball
1-0: Ball
2-0: Called Strike
2-1: Ball
3-1: Ground out 3-1 (Groundball, 34S)
Batting: RHB Kyle Vandenbrink 0-0: Ball
1-0: Ball
2-0: Ball
3-0: Called Strike
3-1: Ground out 4-3 (Groundball, 4)
Batting: RHB Bob Mager 0-0: Ball
1-0: Ball
2-0: Ground out 4-3 (Groundball, 4)
Bottom of the 7th over - 0 run(s), 0 hit(s), 0 error(s), 0 left on base; Mt. Vernon 1 - Mancelona 1
TOP OF THE 8TH
Mt. Vernon Bulls batting - Pitching for Mancelona Torch : RHP John Castle
Batting: RHB António Pérez 0-0: Ball
1-0: Foul Ball, location: 2F
1-1: Swinging Strike
1-2: Strikes out looking
Batting: RHB Noël Sassetti 0-0: Called Strike
0-1: Ball
1-1: Ball
2-1: Swinging Strike
2-2: Strikes out swinging
Batting: RHB Abraham Phelps 0-0: Ball
1-0: Called Strike
1-1: Foul Ball, location: 2F
1-2: Ball
2-2: Foul Ball, location: 2F
2-2: Fly out, F5 (Popup, 5L)
Top of the 8th over - 0 run(s), 0 hit(s), 0 error(s), 0 left on base; Mt. Vernon 1 - Mancelona 1
BOTTOM OF THE 8TH
Mancelona Torch batting - Pitching for Mt. Vernon Bulls : LHP Javier López
Pinch Hitting: RHB Félix Martínez 0-0: Foul Ball, location: 2F
0-1: Foul Ball, location: 2F
0-2: Ground out 1-3 (Groundball, 15S)
Batting: LHB José Hernández 0-0: Ball
1-0: Fly out, F8 (Flyball, 8LM)
Batting: RHB Blake Snow 0-0: Ball
1-0: Ball
2-0: SINGLE (Flyball, 7LS)
Pinch Runner at 1st Armando Pacheco:
Batting: RHB Todd Sentell 0-0: Ball
Armando Pacheco steals 2nd base
1-0: Intentional Walk
Batting: LHB José Valéncia 0-0: Ball
1-0: Ball
2-0: SINGLE (Line Drive, 4MD)
Armando Pacheco to third
Todd Sentell to second
Batting: RHB José Córdova 0-0: Ball
1-0: Called Strike
1-1: Swinging Strike
1-2: Foul Ball, location: 2F
1-2: Ball
2-2: Fly out, F4 (Line Drive, 4)
Bottom of the 8th over - 0 run(s), 2 hit(s), 0 error(s), 3 left on base; Mt. Vernon 1 - Mancelona 1
TOP OF THE 9TH
Mt. Vernon Bulls batting - Pitching for Mancelona Torch : RHP John Castle
Pitching: LHP Ben Alcorn
Now at 1B: Félix Martínez
Now at 2B: Armando Pacheco
Pinch Hitting: RHB Beau Emery 0-0: Called Strike
0-1: Ball
1-1: Fly out, F9 (Flyball, 9S)
Batting: RHB Ken Gardner 0-0: Ball
1-0: Ball
2-0: Foul Ball, location: 2F
2-1: Ball
3-1: Ground out 5-3 (Groundball, 56)
Batting: SHB Marvin Fitton 0-0: Ball
1-0: Foul Ball, location: 2F
1-1: Ball
2-1: Ball
3-1: Swinging Strike
3-2: Foul Ball, location: 2F
3-2: Foul Ball, location: 2F
3-2: Ground out 4-3 (Groundball, 4)
Top of the 9th over - 0 run(s), 0 hit(s), 0 error(s), 0 left on base; Mt. Vernon 1 - Mancelona 1
BOTTOM OF THE 9TH
Mancelona Torch batting - Pitching for Mt. Vernon Bulls : LHP Javier López
Now at 2B: Beau Emery
Batting: LHB Jorge Morín 0-0: Swinging Strike
0-1: Ball
1-1: Fly out, F7 (Flyball, 7S)
Pitching: LHP Carlos Núñez
Batting: RHB Kyle Vandenbrink 0-0: Ball
1-0: Ball
2-0: Ball
3-0: Called Strike
3-1: Fly out, F9 (Flyball, 9)
Batting: RHB Bob Mager 0-0: Called Strike
0-1: Swinging Strike
0-2: Ball
1-2: Strikes out swinging
Bottom of the 9th over - 0 run(s), 0 hit(s), 0 error(s), 0 left on base; Mt. Vernon 1 - Mancelona 1
TOP OF THE 10TH
Mt. Vernon Bulls batting - Pitching for Mancelona Torch : LHP Ben Alcorn
Pinch Hitting: RHB Rafael López 0-0: Ball
1-0: Foul Ball, location: 2F
1-1: Foul Ball, location: 2F
1-2: Ground out 5-3 (Groundball, 56S)
Batting: RHB António López 0-0: Ball
1-0: Ball
2-0: Called Strike
2-1: Ball
3-1: Swinging Strike
3-2: Base on Balls
Pinch Runner at 1st Orlando Hernández:
Batting: RHB Alba Hidalgo de Jesus 0-0: Ball
Orlando Hernández is caught stealing 2nd base
1-0: SINGLE (Line Drive, 6MD)
Batting: RHB António Pérez 0-0: Called Strike
0-1: Ball
1-1: Ball
2-1: SINGLE (Groundball, 4D)
Alba Hidalgo de Jesus to second
Runner from 2nd tries for 3rd, SAFE, no throw
Batting: RHB Noël Sassetti 0-0: Ball
1-0: Foul Ball, location: 2F
1-1: Called Strike
1-2: Foul Ball, location: 2F
1-2: Strikes out swinging
Top of the 10th over - 0 run(s), 2 hit(s), 0 error(s), 2 left on base; Mt. Vernon 1 - Mancelona 1
BOTTOM OF THE 10TH
Mancelona Torch batting - Pitching for Mt. Vernon Bulls : LHP Carlos Núñez
Now at C: Rafael López
Now at SS: Orlando Hernández
Batting: RHB Félix Martínez 0-0: Ball
1-0: Called Strike
1-1: Swinging Strike
1-2: Ball
2-2: Ball
3-2: Hit by Pitch
Batting: LHB José Hernández 0-0: Sac Bunt - play at first, batter OUT! 2-3
Félix Martínez to second
Pinch Hitting: RHB Juan Hernández 0-0: Ground out 5-3 (Groundball, 5)
Batting: RHB Todd Sentell 0-0: Intentional Walk
Pinch Runner at 2nd Alberto Hernández:
Batting: LHB José Valéncia 0-0: Foul Ball, location: 2F
0-1: Ball
1-1: Called Strike
1-2: Strikes out looking
Bottom of the 10th over - 0 run(s), 0 hit(s), 0 error(s), 2 left on base; Mt. Vernon 1 - Mancelona 1
TOP OF THE 11TH
Mt. Vernon Bulls batting - Pitching for Mancelona Torch : LHP Ben Alcorn
Now at 2B: Juan Hernández
Now in LF: Alberto Hernández
Batting: RHB Abraham Phelps 0-0: Ball
1-0: Called Strike
1-1: Swinging Strike
1-2: Ball
2-2: Ball
3-2: Strikes out looking
Batting: RHB Beau Emery 0-0: Ball
1-0: Ball
2-0: Foul Ball, location: 2F
2-1: Ball
3-1: Base on Balls
Batting: RHB Ken Gardner 0-0: Ball
1-0: Called Strike
Beau Emery is caught stealing 2nd base
1-1: Foul Ball, location: 2F
1-2: Foul Ball, location: 2F
1-2: Ball
2-2: Foul Ball, location: 2F
2-2: Ball
3-2: Ground out 4-3 (Groundball, 34)
Top of the 11th over - 0 run(s), 0 hit(s), 0 error(s), 0 left on base; Mt. Vernon 1 - Mancelona 1
BOTTOM OF THE 11TH
Mancelona Torch batting - Pitching for Mt. Vernon Bulls : LHP Carlos Núñez
Batting: RHB José Córdova 0-0: Ball
1-0: Called Strike
1-1: Ball
2-1: Foul Ball, location: 2F
2-2: SINGLE (Groundball, 5D)
Batting: LHB Jorge Morín 0-0: Ball
1-0: Ball
2-0: Bunted foul
2-1: Bunted foul
2-2: Strikes out looking
Batting: RHB Kyle Vandenbrink 0-0: Ball
1-0: Foul Ball, location: 2F
1-1: Foul Ball, location: 2F
1-2: Ball
2-2: Ball
3-2: Strikes out swinging
José Córdova steals 2nd base
Batter strikes out.
Batting: RHB Bob Mager 0-0: Intentional Walk
Batting: LHB Alberto Hernández 0-0: Ball
1-0: Foul Ball, location: 2F
1-1: Ball
2-1: Ball
3-1: Base on Balls
José Córdova to third
Bob Mager to second
Batting: LHB José Hernández 0-0: Ball
1-0: Ball
2-0: Fielders Choice at 2nd, 4-6 (Groundball, 34)
Bottom of the 11th over - 0 run(s), 1 hit(s), 0 error(s), 2 left on base; Mt. Vernon 1 - Mancelona 1
TOP OF THE 12TH
Mt. Vernon Bulls batting - Pitching for Mancelona Torch : LHP Ben Alcorn
Batting: SHB Marvin Fitton 0-0: Fly out, F9 (Flyball, 9LS)
Batting: RHB Rafael López 0-0: Ball
1-0: Called Strike
1-1: Ball
2-1: SINGLE (Flyball, 7S)
Pinch Hitting: RHB Louis Litt 0-0: Foul Ball, location: 2F
0-1: Called Strike
0-2: Foul Ball, location: 2F
0-2: Ball
1-2: Grounds into double play, 4-6-3 (Groundball, 4)
Top of the 12th over - 0 run(s), 1 hit(s), 0 error(s), 0 left on base; Mt. Vernon 1 - Mancelona 1
BOTTOM OF THE 12TH
Mancelona Torch batting - Pitching for Mt. Vernon Bulls : LHP Carlos Núñez
Now at SS: Louis Litt
Batting: RHB Juan Hernández 0-0: Ball
1-0: Ground out 1-3 (Groundball, 13S)
Batting: RHB Todd Sentell 0-0: Fly out, F9 (Flyball, 9S)
Pitching: RHP Pepe Delgado
Batting: LHB José Valéncia 0-0: Foul Ball, location: 2F
0-1: Called Strike
0-2: Ball
1-2: SINGLE (Line Drive, 56S)
Batting: RHB José Córdova 0-0: Ball
1-0: Called Strike
1-1: Foul Ball, location: 2F
1-2: Fly out, F9 (Flyball, 89S)
Bottom of the 12th over - 0 run(s), 1 hit(s), 0 error(s), 1 left on base; Mt. Vernon 1 - Mancelona 1
TOP OF THE 13TH
Mt. Vernon Bulls batting - Pitching for Mancelona Torch : LHP Ben Alcorn
Batting: RHB Alba Hidalgo de Jesus 0-0: Ball
1-0: Called Strike
1-1: Foul Ball, location: 2F
1-2: Ground out 6-3 (Groundball, 6)
Batting: RHB António Pérez 0-0: Ball
1-0: Swinging Strike
1-1: Ball
2-1: SINGLE (Line Drive, 89S)
Batting: RHB Noël Sassetti 0-0: Ball
1-0: Called Strike
1-1: Ball
2-1: SINGLE (Line Drive, 6MD)
António Pérez to second
Batting: RHB Abraham Phelps 0-0: SINGLE (Flyball, 7S)
António Pérez to third
Noël Sassetti to second
Batting: RHB Beau Emery 0-0: Ball
1-0: Called Strike
1-1: Ball
2-1: Foul Ball, location: 2F
2-2: Foul Ball, location: 2F
2-2: Strikes out swinging
Batting: RHB Ken Gardner 0-0: Ball
Wild Pitch!
António Pérez scores
Noël Sassetti to third
Abraham Phelps to second
1-0: Ball
2-0: Foul Ball, location: 2F
2-1: Swinging Strike
2-2: Foul Ball, location: 2F
2-2: Ball
3-2: Strikes out swinging
Top of the 13th over - 1 run(s), 3 hit(s), 0 error(s), 2 left on base; Mt. Vernon 2 - Mancelona 1
BOTTOM OF THE 13TH
Mancelona Torch batting - Pitching for Mt. Vernon Bulls : RHP Pepe Delgado
Now at 2B: Rodrigo Chávez
Now at 3B: Wilson Sánchez
Now in LF: José Macías
Batting: LHB Jorge Morín 0-0: Ball
1-0: Reached on error, E5 (Popup, 5D)
Batting: RHB Kyle Vandenbrink 0-0: Sac Bunt - play at first, batter OUT! 1-4
Jorge Morín to second
Pinch Hitting: LHB Jim Unknown 0-0: Foul Ball, location: 2F
0-1: Ball
1-1: Foul Ball, location: 2F
1-2: Ball
2-2: DOUBLE (Flyball, 78D)
Jorge Morín scores
Batting: LHB Alberto Hernández 0-0: Swinging Strike
0-1: Foul Ball, location: 2F
0-2: Foul Ball, location: 2F
0-2: TRIPLE (Flyball, 8RD)
Jim Unknown scores
Monday, March 20th, 2017 - OOTP Baseball 17.12 Build 75